 Dungeon Crawl Stone Soup version 0.27-a0-1191-g601b473118 (webtiles) character file.

Game seed: 9587828246880194564

2231 EldarEldrad the Cleaver (level 9, -4/74 HPs)
             Began as a Minotaur Berserker on May 24, 2021.
             Was a Believer of Trog.
             Slain by a gnoll sergeant
             ... wielding a +1 trident of venom
              (6 damage)
             ... on level 6 of the Dungeon.
             The game lasted 00:20:29 (5992 turns).

EldarEldrad the Cleaver (Minotaur Berserker)        Turns: 5992, Time: 00:20:31

Health: -4/74      AC: 11    Str: 27    XL:     9   Next: 14%
Magic:  0/8        EV: 12    Int:  4    God:    Trog [**....]
Gold:   228        SH:  0    Dex: 17    Spells: 8/8 levels left

rFire    . . .     SeeInvis .   a - +0 hand axe
rCold    . . .     Faith    .   (no shield)
rNeg     . . .     Spirit   +   e - +0 ring mail
rPois    .         Reflect  .   (helmet restricted)
rElec    +         Harm     .   q - +0 cloak
rCorr    +         Rampage  .   (no gloves)
Will     ++...                  (no boots)
Stlth    +.........             c - amulet of guardian spirit
HPRegen  1.22/turn              v - +4 ring of protection
MPRegen  0.11/turn              p - ring of Incredulity {Drain rElec rCorr Str+3 Dex+6}

@: lethally poisoned (-4 -> -13), strong-willed, on berserk cooldown,
regenerating, slowed, very slow
A: horns 2, retaliatory headbutt
a: Renounce Religion, Berserk, Trog's Hand


You were on level 6 of the Dungeon.
You worshipped Trog.
Trog was pleased with you.
You visited 2 branches of the dungeon, and saw 7 of its levels.

You collected 228 gold pieces.

Inventory:

Hand Weapons
 a - a +0 hand axe (weapon)
Missiles
 m - 7 poisoned darts (quivered)
Armour
 e - a +0 ring mail (worn)
 f - a +0 scale mail
 q - a +0 cloak (worn)
 y - a +0 chain mail
Jewellery
 c - an amulet of guardian spirit (around neck)
 p - the ring of Incredulity (right hand) {Drain rElec rCorr Str+3 Dex+6}
   (You found it on level 4 of the Dungeon)

   [ring of dexterity]

   It affects your strength (+3).
   It affects your dexterity (+6).
   It insulates you from electricity.
   It protects you from acid and corrosion.
   It drains your maximum health when unequipped.
 v - a +4 ring of protection (left hand)
Wands
 s - a wand of digging (6)
Scrolls
 b - 2 scrolls of fog
 d - a scroll of amnesia {unknown}
 g - a scroll of fear {unknown}
 i - a scroll of summoning {unknown}
 n - a scroll of enchant armour {unknown}
 o - a scroll of blinking {unknown}
 z - a scroll of vulnerability {unknown}
Potions
 h - 2 potions of attraction
 j - 3 potions of mutation {unknown}
 k - 2 potions of flight
 l - 2 potions of might {unknown}
 r - 2 potions of curing {unknown}
 t - a potion of resistance {unknown}
 u - 2 potions of haste {unknown}
 w - a potion of cancellation
 x - a potion of lignification


   Skills:
 - Level 5.0 Fighting
 * Level 12.8 Axes
 + Level 6.4 Armour
 - Level 2.1 Dodging


You had 8 spell levels left.
You didn't know any spells.
Your spell library was empty.

Dungeon Overview and Level Annotations

Branches:
Dungeon (6/15)             Temple (1/1) D:4

Altars:
Ashenzari
Cheibriados
Dithmenos
Elyvilon
Fedhas
Gozag
Hepliaklqana
Kikubaaqudgha
Okawaru
Ru
Sif Muna
Uskayaw
Vehumet
Xom
Yredelemnul
The Shining One

Shops:
D:2 :   D:4 [


Innate Abilities, Weirdness & Mutations

You have a pair of horns on your head.
You reflexively headbutt those who attack you in melee.


Message History

You feel very sick. The gnoll sergeant barely misses you.
You furiously retaliate!
You headbutt the gnoll sergeant, but do no damage.
A gnoll comes into view. It is wielding a +0 flail.
The gnoll shouts!
You slash the gnoll sergeant!
The gnoll sergeant is severely wounded.
You feel very sick. The gnoll barely misses you.
The gnoll sergeant closely misses you.
You hit the gnoll sergeant but do no damage.
You headbutt the gnoll sergeant, but do no damage.
The gnoll sergeant is severely wounded.
You feel sick.
The gnoll hits you from afar with a +0 halberd!
* * * LOW HITPOINT WARNING * * *
The gnoll sergeant misses you.
You hit the gnoll sergeant but do no damage.
The gnoll sergeant is severely wounded.
You feel sick. The gnoll misses you.
The gnoll sergeant hits you with a +1 trident of venom.
* * * LOW HITPOINT WARNING * * *
You are lethally poisoned!
Your skin crawls.
You feel strong-willed.
You feel very sick.
The gnoll hits you from afar with a +0 halberd.
* * * LOW HITPOINT WARNING * * *
The gnoll sergeant hits you but does no damage.
You are lethally poisoned!
The gnoll hits you but does no damage. The gnoll barely misses you.
The gnoll sergeant misses you. You furiously retaliate!
You headbutt the gnoll sergeant. You barely miss the gnoll sergeant.
The gnoll sergeant is almost dead.
You hit the gnoll.
* * * LOW HITPOINT WARNING * * *
You feel very sick. The gnoll hits you but does no damage.
The gnoll closely misses you.
The gnoll sergeant hits you with a +1 trident of venom!
You die...

#......##...... ##.....#.###
..##......#...#+###... ..#.###
............................##
####....................##..##
+.................... ..##..##
.#......######.......###..#...'
........#≈≈≈≈#............#.###
........'≈⌠_≈#†...........#.# #
........'≈.>≈#@#####......#'###
......+.#≈≈≈≈#gg.............##
......#.######g..............##
......+...............#....>...
......#....)...................
...........###.................
. ..#.#....#...................
#.#........................ #
#.............#..........


You could see a gnoll sergeant and 2 gnolls.

Vanquished Creatures
  A two-headed ogre (D:6)
  Grinder (D:3)
  A water moccasin (D:5)
  A hornet zombie (D:6)
  A sky beast (D:6)
  3 ice beasts
  2 ogres (D:5)
  A centaur (D:6)
  A scorpion (D:6)
  A water moccasin skeleton (D:5)
  A wyvern skeleton (D:5)
  A howler monkey (D:4)
  A bullfrog zombie (D:5)
  A centaur zombie (D:6)
  Crazy Yiuf (D:3)
  A hound (D:5)
  3 iguanas
  An orc wizard (D:5)
  2 hound skeletons
  Robin (D:3)
  5 gnolls
  4 adders
  An ufetubus (D:6)
  2 worms (D:2)
  3 dart slugs
  9 orcs
  9 ball pythons
  6 endoplasms
  4 giant cockroaches
  16 goblins
  8 hobgoblins
  4 jackals
  2 kobolds
  4 quokkas
  2 bats
  3 frilled lizards
  3 rats
111 creatures vanquished.

Vanquished Creatures (others)
  A plant (D:3)
1 creature vanquished.

Grand Total: 112 creatures vanquished

Notes
Turn   | Place    | Note
-------+----------+-------------------------------------------
     0 | D:1      | EldarEldrad the Minotaur Berserker began the quest for the
                  | Orb.
     0 | D:1      | Reached XP level 1. HP: 19/19 MP: 0/0
   291 | D:1      | Reached skill level 4 in Axes
   291 | D:1      | Reached XP level 2. HP: 19/27 MP: 1/1
  1193 | D:2      | Reached ** piety under Trog
  1239 | D:2      | Reached XP level 3. HP: 25/34 MP: 2/2
  1387 | D:2      | Found Appanalu's Book Shop.
  1954 | D:3      | Noticed Grinder
  1962 | D:3      | Paralysed by Grinder for 2 turns
  1971 | D:3      | Killed Grinder
  1972 | D:3      | Reached skill level 5 in Fighting
  1972 | D:3      | Reached skill level 7 in Axes
  1972 | D:3      | Reached XP level 4. HP: 28/42 MP: 3/3
  1972 | D:3      | Reached XP level 5. HP: 32/48 MP: 4/4
  2291 | D:3      | Noticed Robin
  2762 | D:3      | Killed Robin
  2763 | D:3      | Reached XP level 6. HP: 56/56 MP: 5/5
  2950 | D:3      | Found a runed translucent door.
  2951 | D:3      | Noticed Crazy Yiuf
  2988 | D:3      | Found a faded altar of an unknown god.
  3057 | D:3      | Killed Crazy Yiuf
  3420 | D:4      | Identified the ring of Incredulity {Drain rElec rCorr Str+3
                  | Dex+6}
  3442 | D:4      | Noticed an ice beast
  3453 | D:4      | Killed an ice beast
  3454 | D:4      | Reached skill level 8 in Axes
  3655 | D:4      | Found a shimmering altar of Xom.
  4063 | D:4      | Found a white marble altar of Elyvilon.
  4166 | D:4      | Found Foemojor's Antique Armour Boutique.
  4223 | D:4      | Found a staircase to the Ecumenical Temple.
  4235 | D:4      | Reached skill level 9 in Axes
  4235 | D:4      | Reached XP level 7. HP: 58/61 MP: 6/6
  4277 | Temple   | Entered the Ecumenical Temple
  4546 | D:5      | Entered Level 5 of the Dungeon
  4694 | D:5      | Reached skill level 10 in Axes
  5198 | D:5      | Reached XP level 8. HP: 68/68 MP: 7/7
  5219 | D:5      | Reached skill level 11 in Axes
  5790 | D:6      | Reached *** piety under Trog
  5909 | D:6      | Reached skill level 5 in Armour
  5918 | D:6      | Found a glowing golden altar of the Shining One.
  5934 | D:6      | Noticed a two-headed ogre
  5951 | D:6      | Killed a two-headed ogre
  5952 | D:6      | Reached skill level 12 in Axes
  5952 | D:6      | Reached XP level 9. HP: 62/74 MP: 3/8
  5992 | D:6      | HP: 2/74 [poisoned by a gnoll sergeant]
  5992 | D:6      | Slain by a gnoll sergeant

Illustrated notes

Levels and vault maps discovered:
D:1:      dpeg_chamrin_arrival_tetris, layout_basic
D:2:      layout_loops_cross, serial_shops, nicolae_shop_waterfront
D:3:      wad_lake_hut, layout_basic, chequers_ecumenical_altar_simple,
          uniq_crazy_yiuf_cottage, uniq_robin, uniq_grinder
D:4:      layout_cave_pools, brannock_xom_greatest_gift,
          lemuel_coloured_pillars_altar, minmay_temple_entry_nine_rooms,
          serial_shops, shop, hangedman_glass_teeth
D:5:      layout_basic, dk_noncrumbling_3
D:6:      layout_basic, general_overflow_altar, roderic_lattice_a,
          minmay_fractal_squares_diagonal_5
Temple:   nicolae_temple_figure_eight

Skill      XL: |  1  2  3  4  5  6  7  8 |
---------------+-------------------------+-----
Fighting       | 4 5 |  5.0
Axes           | 4 7 9 10 12 | 12.8
Armour         | 3 6 |  6.4
Dodging        | |  2.1

Action                   |  1- 3 |  4- 6 |  7- 9 || total
-------------------------+-------+-------+-------++-------
Melee: Hand axe          |    84 |   106 |   122 ||   312
       Headbutt          |    15 |    32 |    42 ||    89
Throw: Dart              |       |       |     2 ||     2
Invok: Trog's Hand       |     1 |     1 |     3 ||     5
       Berserk           |       |     1 |     1 ||     2
  Use: Scroll            |       |     4 |     3 ||     7
Armor: Animal skin       |     1 |       |       ||     1
       Ring mail         |    17 |    25 |    41 ||    83
Dodge: Dodged            |    28 |    50 |    60 ||   138

Table legend: (Time is in decaauts)
 A = Elapsed time spent in this place.
 B = Non-inter-level travel time spent in this place.
 C = Inter-level travel time spent in this place.
 D = Time resting spent in this place.
 E = Time spent auto-exploring this place.
 F = Levels seen in this place.
 G = Mean time per level.
                   A        B        C        D        E       F      G
               +--------+--------+--------+--------+--------+-----+--------+
         Total |   6030 |   5729 |    301 |    548 |   4107 |   7 |  861.4 |
       Dungeon |   5817 |   5526 |    291 |    548 |   3905 |   6 |  969.5 |
        Temple |    213 |    203 |     10 |      0 |    202 |   1 |  213.0 |
               +--------+--------+--------+--------+--------+-----+--------+

Top non-repeatable levels by time:
     D:3: 1452 daAuts
     D:5: 1120 daAuts
     D:4: 1000 daAuts
     D:2: 980 daAuts
     D:1: 956 daAuts
     D:6: 306 daAuts
  Temple: 213 daAuts
